 Dungeon Crawl Stone Soup version 0.29-a0-517-gbdf32494f2 (webtiles) character file.

Game seed: 1225516832043366291

4715 purpskrrrp the Grappler (level 10, -7/94 HPs)
             Began as a Troll Monk on May 30, 2022.
             Was a High Priest of Lugonu.
             Mangled by an orc warrior
             ... wielding a +0 halberd
              (12 damage)
             ... on level 8 of the Dungeon.
             The game lasted 00:45:16 (6521 turns).

purpskrrrp the Grappler (Troll Monk)                Turns: 6521, Time: 00:45:17

Health: -7/94      AC: 13    Str: 25    XL:     10   Next: 22%
Magic:  9/9        EV: 10    Int:  6    God:    Lugonu [*****.]
Gold:   473        SH:  0    Dex: 12    Spells: 9/9 levels left

rFire   + . .      SeeInvis .     - Unarmed
rCold   x . .      Faith    +   (no shield)
rNeg    . . .      Spirit   .   l - +1 swamp dragon scales
rPois   +          Reflect  .   (helmet restricted)
rElec   .          Harm     .   x - +1 cloak
rCorr   .          Rampage  .   (gloves unavailable)
Will    +....                   (boots unavailable)
Stlth   +.........              u - amulet of faith
HPRegen 1.05/turn               p - ring of willpower
MPRegen 0.11/turn               j - ring of fire

@: no status effects
A: large, unfitting armour, claws 3, regeneration 1, shaggy fur 1, tough skin 1
a: Renounce Religion, Depart the Abyss, Bend Space, Banish, Corrupt, Enter the
Abyss


You were on level 8 of the Dungeon.
You worshipped Lugonu.
Lugonu was extremely pleased with you.
You visited 1 branch of the dungeon, and saw 8 of its levels.
You visited the Abyss 1 time.

You collected 473 gold pieces.

Inventory:

Hand Weapons
 d - a +5 morningstar of distortion
 o - a +2 vorpal falchion
 H - the +2 falchion "Rylain" {freeze, rC+ Str+2 Int+3 SInv}
   (You found it on level 8 of the Dungeon)

   It freezes those it strikes, dealing additional cold damage.
   It can also slow down cold-blooded creatures.
   Str:       It affects your strength (+2).
   Int:       It affects your intelligence (+3).
   rC:        It protects you from cold.
   SInv:      It lets you see invisible.
Missiles
 c - 4 boomerangs
Armour
 a - a +1 robe
 l - +1 swamp dragon scales (worn)
 x - a +1 cloak (worn)
Jewellery
 e - a ring of resist corrosion
 h - a ring of magical power
 j - a ring of fire (right claw)
 p - a ring of willpower (left claw)
 u - an amulet of faith (around neck)
 D - a +6 ring of intelligence
Wands
 s - a wand of digging (5)
 y - a wand of flame (21)
 z - a wand of mindburst (7)
 A - a wand of charming (7)
 B - a wand of iceblast (5) (quivered)
 F - a wand of acid (6)
Scrolls
 i - 4 scrolls of teleportation
 r - 2 scrolls of amnesia {unknown}
 t - a scroll of magic mapping {unknown}
 v - 3 scrolls of vulnerability
 C - a scroll of poison {unknown}
 G - a scroll of fear {unknown}
Potions
 b - a potion of ambrosia
 f - 3 potions of brilliance
 g - a potion of lignification
 k - a potion of mutation {unknown}
 m - 2 potions of magic
 n - 2 potions of curing {unknown}
 q - a potion of invisibility {unknown}
 w - a potion of heal wounds {unknown}
 I - a potion of haste


   Skills:
 + Level 4.5 Fighting
 + Level 0.2 Throwing
 + Level 3.7 Armour
 + Level 5.7 Dodging
 + Level 2.7 Stealth
 + Level 11.5 Unarmed Combat
 + Level 0.1 Invocations
 + Level 0.4 Evocations


You had 9 spell levels left.
You didn't know any spells.
Your spell library contained the following spells:

 Spells                   Type           Power      Damage    Failure   Level
 Necrotize                Necr           0%         1d4       58%         1
 Sting                    Tmut/Pois      0%         1d3       58%         1
 Static Discharge         Conj/Air       0%         N/A       75%         2
 Gell's Gravitas          Tloc           0%         N/A       92%         3
 Lesser Beckoning         Tloc           0%         N/A       92%         3
 Teleport Other           Tloc           0%         N/A       92%         3
 Vampiric Draining        Necr           0%         2d6       92%         3
 Agony                    Necr           0%         N/A       100%        5
 Lightning Bolt           Conj/Air       0%         1d11      100%        5
 Maxwell's Capacitive Co  Air            0%         ∞         100%        8


Dungeon Overview and Level Annotations

Branches:
Dungeon (8/15)             Temple (0/1) D:4
   Lair: D:8-11

Altars:
Ashenzari
Lugonu

Shops:
D:6 *


Innate Abilities, Weirdness & Mutations

You are too large for most types of armour.
You have claws for hands.
Your natural rate of healing is unusually fast.
You are covered in fur. (AC +1)
You have tough skin. (AC +1)


Message History

You kill the orc!
Lugonu accepts your kill.
The orc warrior hits you from afar with a +0 halberd.
A sky beast appears from thin air!
Reactivating autopickup.
The sky beast hits you but does no damage.
You closely miss the sky beast.
The sky beast is almost dead.
The sky beast hits you. The sky beast shocks you.
The orc warrior hits you from afar with a +0 halberd!
* * * LOW HITPOINT WARNING * * *
You scratch the sky beast.
You kill the sky beast!
Lugonu accepts your kill. The orc warrior barely misses you.
Aiming: Iceblast
Press: ? - help, Q - select action, (/) - cycle Shift-Dir - straight line, f - orc
Aim: an orc, wielding a +0 flail and wearing a +0 leather armour The mass of ice explodes!
The iceblast engulfs the orc warrior.
The orc warrior partially resists.
The orc warrior is lightly wounded.
The iceblast engulfs the orc!
You kill the orc!
Lugonu accepts your kill. The orc warrior closely misses you.
You see here a +0 whip.
The orc warrior hits you with a +0 halberd.
* * * LOW HITPOINT WARNING * * *
You claw the orc warrior!
The orc warrior is heavily wounded.
You barely miss the orc warrior.
The orc warrior is heavily wounded.
The orc warrior hits you with a +0 halberd!
* * * LOW HITPOINT WARNING * * *
As you read the scroll of fog, it crumbles to dust.
The scroll dissolves into smoke.
The orc warrior barely misses you.
The orc warrior hits you from afar with a +0 halberd!
* * * LOW HITPOINT WARNING * * *
The orc warrior hits you from afar with a +0 halberd!
You die...

... .. .... #..
####.... #...
##.##... ##.#
##..#...# #...
#......# #...
#......### ##..#
#@§§§§.#≈#####...#
#.§§§§§)))#.....#.
##.o§§§§#..)..†...
#§§§§§###....††..
##§§§## ##.......
##### #........
#.......#
##.........
#..........


You could see an orc warrior.

Vanquished Creatures
  Pikel (D:5)
  Joseph (D:7)
  Maggie (D:6)
  Prince Ribbit (D:6)
  Grinder (D:4)
  Menkaure (D:5)
  3 water moccasins
  Duvessa (D:6)
  2 orc warriors
  3 sky beasts
  2 ice beasts
  A black bear (D:7)
  3 centaurs
  2 phantoms
  A kobold brigand (D:8)
  5 bullfrogs
  3 scorpions
  Dowan (D:6)
  3 howler monkeys (D:8)
  2 jellies (D:5)
  5 hounds
  3 orc priests
  Terence (D:3)
  Jessica (D:3)
  Ijyb (D:3)
  4 iguanas
  Natasha (thrice) (D:3)
  5 orc wizards
  Robin (D:3)
  3 gnolls (D:5)
  3 adders
  A white imp (D:6)
  3 dart slugs
  26 orcs
  8 bats
  5 endoplasms
  A giant cockroach (D:2)
  15 goblins
  11 hobgoblins
  10 jackals
  4 quokkas
  9 ball pythons
  3 frilled lizards
  10 kobolds
  3 rats
177 creatures vanquished.

Vanquished Creatures (others)
  A plant (D:1)
1 creature vanquished.

Grand Total: 178 creatures vanquished

Notes
Turn   | Place    | Note
-------+----------+-------------------------------------------
     0 | D:1      | purpskrrrp the Troll Monk began the quest for the Orb.
     0 | D:1      | Reached XP level 1. HP: 22/22 MP: 0/0
    38 | D:1      | Found a faded altar of an unknown god.
    56 | D:1      | Got Plato's Reference Book on Changing
    65 | D:1      | Prayed at the altar of an unknown god.
    65 | D:1      | Became a worshipper of Lugonu the Unformed
    65 | D:1      | Reached * piety under Lugonu
    65 | D:1      | Reached ** piety under Lugonu
    65 | D:1      | Reached *** piety under Lugonu
   147 | D:1      | Reached XP level 2. HP: 29/29 MP: 1/1
   348 | D:1      | Reached **** piety under Lugonu
   570 | D:2      | Reached XP level 3. HP: 36/36 MP: 2/2
   789 | D:2      | You fall into a shaft and drop 1 floor!
   789 | D:3      | Found a broken altar of Ashenzari.
  1379 | D:3      | Noticed Robin
  1411 | D:3      | Reached XP level 4. HP: 44/44 MP: 3/3
  1568 | D:3      | Noticed Terence
  1573 | D:3      | Reached skill level 4 in Unarmed Combat
  1580 | D:3      | Killed Terence
  1642 | D:3      | Reached ***** piety under Lugonu
  1714 | D:3      | Killed Robin
  1886 | D:3      | Noticed Natasha
  1897 | D:3      | Killed Natasha
  1898 | D:3      | Reached XP level 5. HP: 37/53 MP: 4/4
  1925 | D:3      | Noticed Jessica
  1939 | D:3      | Killed Jessica
  1987 | D:3      | Noticed Natasha
  1999 | D:3      | Killed Natasha
  2009 | D:3      | Noticed Ijyb
  2024 | D:3      | Killed Ijyb
  2025 | D:3      | Reached skill level 5 in Unarmed Combat
  2169 | D:3      | Noticed Natasha
  2176 | D:3      | Killed Natasha
  2620 | D:4      | Noticed Grinder
  2637 | D:4      | Killed Grinder
  2638 | D:4      | Reached skill level 6 in Unarmed Combat
  2638 | D:4      | Reached XP level 6. HP: 34/61 MP: 5/5
  2766 | D:4      | Found a staircase to the Ecumenical Temple.
  3047 | D:4      | Reached XP level 7. HP: 56/67 MP: 6/6
  3227 | D:5      | Entered Level 5 of the Dungeon
  3607 | D:5      | Noticed Pikel
  3618 | D:5      | Killed Pikel
  3619 | D:5      | Reached skill level 7 in Unarmed Combat
  3619 | D:5      | Reached XP level 8. HP: 62/75 MP: 7/7
  3670 | D:5      | Noticed Menkaure
  4086 | D:5      | Killed Menkaure
  4087 | D:5      | Reached skill level 8 in Unarmed Combat
  4243 | D:6      | Reached skill level 5 in Dodging
  4244 | D:6      | Noticed Maggie
  4325 | D:6      | Cast into level 1 of the Abyss (Maggie)
  4440 | Abyss:1  | Noticed a starcursed mass
  4453 | Abyss:1  | Noticed a smoke demon
  4462 | D:6      | Escaped the Abyss
  4476 | D:6      | Killed Maggie
  4477 | D:6      | Reached skill level 9 in Unarmed Combat
  4603 | D:6      | Found Ecyasamu's Assorted Antiques.
  4603 | D:6      | Noticed Prince Ribbit
  4620 | D:6      | Killed Prince Ribbit
  4621 | D:6      | Reached XP level 9. HP: 51/84 MP: 8/8
  4718 | D:6      | Noticed Dowan
  4719 | D:6      | Noticed Duvessa
  4743 | D:6      | Killed Duvessa
  4747 | D:6      | Killed Dowan
  4748 | D:6      | Reached skill level 1 in Armour
  5549 | D:7      | Reached skill level 10 in Unarmed Combat
  5738 | D:7      | Noticed Joseph
  5846 | D:7      | Killed Joseph
  5955 | D:7      | Reached skill level 11 in Unarmed Combat
  6008 | D:7      | Reached XP level 10. HP: 94/94 MP: 9/9
  6387 | D:8      | Identified the +0 ring mail of Weahiute {Harm rCorr Slay-4}
  6401 | D:8      | Identified the +2 falchion "Rylain" {freeze, rC+ Str+2
                  | Int+3 SInv}
  6517 | D:8      | HP: 1/94 [orc warrior/+0 halberd (10)]
  6521 | D:8      | Mangled by an orc warrior

Illustrated notes

Levels and vault maps discovered:
D:1:      amcnicky_arrival_gap_in_the_tavern_cellar, layout_rooms,
          shapermc_ecumenical_altar_rom_forum
D:2:      layout_basic, solitary_fountain, corner_web_ring, st_stairs_6,
          minmay_tetromino_o4
D:3:      layout_basic, nicolae_ashenzari_skybound, bh_walls_and_bars,
          uniq_jessica, uniq_natasha, uniq_ijyb, uniq_terence, uniq_robin
D:4:      layout_basic, temple_pool_b, serial_glass, glass_columns_b,
          glass_columns_a, uniq_grinder
D:5:      layout_loops_ring, grunt_decor_mini_mirrors,
          hangedman_decor_slide_cut, uniq_menkaure, uniq_pikel
D:6:      layout_loops_cross, serial_shops, nicolae_shop_advertising_works
          [nicolae_subvault_shop_adworks], minmay_crystal_room, minmay_between,
          uniq_maggie, uniq_prince_ribbit1, uniq_duvessa
D:7:      layout_rooms, minmay_misc_feat_four_crosses, grunt_tough_drop,
          uniq_joseph
D:8:      layout_cave_pools, kennysheep_windowed_goal, uniq_erica

Skill      XL: |  1  2  3  4  5  6  7  8  9 |
---------------+----------------------------+-----
Unarmed Combat | 4 6 7 9 11 | 11.5
Dodging        | 3 4 5 |  5.7
Fighting       | 3 4 |  4.5
Stealth        | 2 |  2.7
Armour         | 3 |  3.7
Throwing       | |  0.2
Invocations    | |  0.1
Evocations     | |  0.4

Action                   |  1- 3 |  4- 6 |  7- 9 | 10-12 || total
-------------------------+-------+-------+-------+-------++-------
Melee: Unarmed           |   116 |   102 |   266 |    50 ||   534
       Punch             |     4 |     3 |    19 |     4 ||    30
Throw: Boomerang         |       |       |     2 |       ||     2
Invok: Depart the Abyss  |       |       |     1 |       ||     1
Evoke: Wand              |       |       |     5 |     1 ||     6
  Use: Scroll            |     4 |     5 |     5 |     1 ||    15
       Potion            |     1 |       |     3 |       ||     4
 Stab: Sleeping          |     1 |     1 |     1 |       ||     3
Armor: Robe              |    84 |    48 |    18 |       ||   150
       Swamp dragon scal |       |       |    78 |    39 ||   117
Dodge: Dodged            |    95 |    66 |   111 |    49 ||   321

Table legend: (Time is in decaauts)
 A = Elapsed time spent in this place.
 B = Non-inter-level travel time spent in this place.
 C = Inter-level travel time spent in this place.
 D = Time resting spent in this place.
 E = Time spent auto-exploring this place.
 F = Levels seen in this place.
 G = Mean time per level.
                   A        B        C        D        E       F      G
               +--------+--------+--------+--------+--------+-----+--------+
         Total |   6432 |   5808 |    624 |    315 |   3272 |   9 |  714.7 |
       Dungeon |   6296 |   5672 |    624 |    315 |   3160 |   8 |  787.0 |
         Abyss |    136 |    136 |      0 |      0 |    112 |   1 |  136.0 |
               +--------+--------+--------+--------+--------+-----+--------+

Top non-repeatable levels by time:
     D:6: 1174 daAuts
     D:3: 1059 daAuts
     D:5: 981 daAuts
     D:4: 848 daAuts
     D:2: 814 daAuts
     D:7: 760 daAuts
     D:1: 527 daAuts
 Abyss:1: 136 daAuts
     D:8: 130 daAuts
